 Dungeon Crawl Stone Soup version 0.30.0-29-ga12c61a403 (webtiles) character file.

Game seed: 6741320790326640092

50 Cheops the Digger (level 3, -2/27 HPs)
             Began as an Armataur Earth Elementalist on June 15, 2023.
             Slain by an orc wizard
             ... wielding a +0 dagger
              (3 damage)
             ... on level 2 of the Dungeon.
             The game lasted 00:04:52 (1921 turns).

Cheops the Digger (Armataur Earth Elementalist)     Turns: 1921, Time: 00:04:53

Health: -2/27      AC:  4    Str: 13    XL:     3   Next: 55%
Magic:  3/6        EV:  9    Int: 17    God:
Gold:   84         SH:  0    Dex: 10    Spells: 5/6 levels left

rFire   . . .        a - +0 dagger
rCold   . . .        (no shield)
rNeg    . . .        e - +0 robe
rPois   .            (no helmet)
rElec   .            (no cloak)
rCorr   .            (no gloves)
SInv    .            (no barding)
Will    .....        (no amulet)
Stlth   ++           (no ring)
HPRegen 0.24/turn    (no ring)
MPRegen 0.10/turn

%: roll
@: no status effects
A: large, rugged brown scales 3, deformed body, armoured tail, roll, long
tongue, awkward tongue
a: no special abilities


You were on level 2 of the Dungeon.
You visited 1 branch of the dungeon, and saw 3 of its levels.

You collected 84 gold pieces.

Inventory:

Hand Weapons
 a - a +0 dagger (weapon)
Armour
 e - a +0 robe (worn)
Wands
 n - a wand of polymorph (6)
Scrolls
 c - 2 scrolls of amnesia {unknown}
 d - 2 scrolls of enchant armour {unknown}
 g - 2 scrolls of enchant weapon {unknown}
 i - 2 scrolls of identify {unknown}
 j - a scroll of acquirement {unknown}
 k - a scroll of immolation {unknown}
 m - a scroll of summoning {unknown}
Potions
 b - a potion of magic
 h - a potion of lignification {unknown}
 l - a potion of degeneration {unknown}


   Skills:
 - Level 1.3 Dodging
 + Level 3.1 Stealth
 - Level 2.0 Spellcasting
 - Level 0.8 Transmutations
 * Level 3.7 Earth Magic


You had 5 spell levels left.
You knew the following spells:

 Your Spells              Type           Power      Damage    Failure   Level
a - Sandblast             Erth           28%        2d8       4%          1

Your spell library contained the following spells:

 Spells                   Type           Power      Damage    Failure   Level
 Passwall                 Tmut/Erth      7%         N/A       12%         2
 Magic Dart               Conj           4%         1d3       19%         1
 Stone Arrow              Conj/Erth      16%        3d8       26%         3
 Searing Ray              Conj           2%         2d4       28%         2
 Petrify                  Tmut/Erth      9%         N/A       58%         4
 Fulminant Prism          Conj/Hex       0%         3d5       88%         4


Dungeon Overview and Level Annotations

Branches:
Dungeon (3/15)

Altars:

Annotations:
D:1 1 runed translucent door


Innate Abilities, Weirdness & Mutations

You are completely covered in rugged brown scales. (AC +3, +7% HP)
Armour fits poorly on your strangely shaped body.
You have a long armoured tail.
You roll when moving toward enemies. (Rampage)
Your long tongue fully drains potion bottles. (2x potion effects)
Your tongue gives you trouble enunciating. (1.5x scroll delay)


Message History

A puff of flame appears from out of thin air!
The puff of flame hits you.
* * * LOW HITPOINT WARNING * * *
You feel better.
You slurp down every last drop of the potion of curing!
The orc hits you with a +0 dagger.
You barely miss the orc.
You hear some strange, mumbled words.
You are confused.
The orc hits you with a +1 flail of protection.
* * * LOW HITPOINT WARNING * * *
The orc closely misses you.
You're too confused to move!
Something hits you.
* * * LOW HITPOINT WARNING * * *
The orc hits you with a +1 flail of protection.
* * * LOW HITPOINT WARNING * * *
The orc barely misses you.
You hit the orc.
Your tail-slap misses the orc.
The orc is lightly wounded.
Something hits you but does no damage. The orc barely misses you.
The orc closely misses you.
You're too confused to move!
Something hits you but does no damage. The orc barely misses you.
The orc hits you with a +0 dagger.
* * * LOW HITPOINT WARNING * * *
You bump into the rock wall.
Something hits you.
* * * LOW HITPOINT WARNING * * *
The orc misses you. The orc barely misses you.
You miss the orc. Something hits you.
* * * LOW HITPOINT WARNING * * *
The orc hits you with a +1 flail of protection.
* * * LOW HITPOINT WARNING * * *
The orc hits you with a +0 dagger.
* * * LOW HITPOINT WARNING * * *
You bump into the rock wall.
Something hits you but does no damage. The orc misses you.
The orc barely misses you.
Unknown command.
You miss something.
You feel less confused. Something hits you.
You die...

......##...######## #..........##
..................###..........##
........#.#######..##..........##
..........## ##.##..÷......###
.....##..†.#### #....#......###.
......##......# #...###.#######.
.†.....#......# #...###.# #.....
..............####....##.# #.....
......†.........@o{.#....###.....
................{o.#####.........
........†..........#####.###.....
..........................#......
#...........#..[..........#......
#.............#.............<....
...###.#...##..#..........##.....
...............#..........###.###
...#....####....).............###


You could see 2 orcs.

Vanquished Creatures
  An adder (D:2)
  2 ball pythons
  5 endoplasms
  3 giant cockroaches
  4 goblins
  5 hobgoblins
  3 kobolds
  3 quokkas
  4 bats
  A frilled lizard (D:1)
  4 rats
35 creatures vanquished.

Notes
Turn   | Place    | Note
-------+----------+-------------------------------------------
     0 | D:1      | Cheops the Armataur Earth Elementalist began the quest for
                  | the Orb.
     0 | D:1      | Reached XP level 1. HP: 14/14 MP: 3/3
     1 | D:1      | Found a runed translucent door.
   246 | D:1      | Reached XP level 2. HP: 21/21 MP: 3/5
  1274 | D:2      | Reached XP level 3. HP: 27/27 MP: 0/6
  1570 | D:2      | Found a faded altar of an unknown god.
  1919 | D:2      | HP: 1/27 [orc/+0 dagger (2)]
  1921 | D:2      | Slain by an orc wizard

Illustrated notes

Levels and vault maps discovered:
D:1:      dpeg_arrival_caged_fury, layout_loops_corners
D:2:      layout_rooms, shapermc_ecumenical_altar_mp_ritualfount
D:3:      layout_basic, kennysheep_okawaru_gauntlet

Skill      XL: |  1  2  3 |
---------------+----------+-----
Spellcasting   | 2 |  2.0
Earth Magic    | 3 |  3.7
Stealth        | 3 |  3.1
Dodging        | |  1.3
Transmutations | |  0.8

Action                     || total
---------------------------++-------
  Melee: Unarmed           ||     5
         Dagger            ||    15
         Tailslap          ||     1
   Cast: Sandblast         ||    54
    Use: Potion            ||     2
 Armour: Robe              ||    21
  Dodge: Dodged            ||    26
